 Dungeon Crawl Stone Soup version 0.30-a0-4-ga7cffc901d (webtiles) character file.

Game seed: 10325152559185952071

51 Setbun the Sneak (level 4, -6/25 HPs)
             Began as a Kobold Enchanter on Aug 20, 2022.
             Killed from afar by Sigmund (7 damage)
             ... with a magic dart
             ... on level 3 of the Dungeon.
             The game lasted 00:02:05 (2773 turns).

Setbun the Sneak (Kobold Enchanter)                 Turns: 2773, Time: 00:02:06

Health: -6/25      AC:  2    Str:  5    XL:     4   Next: 5%
Magic:  7/7        EV: 15    Int: 16    God:
Gold:   86         SH:  5    Dex: 17    Spells: 8/8 levels left

rFire   . . .      SeeInvis .    a - +1 dagger
rCold   . . .      Faith    .    (no shield)
rNeg    . . .      Spirit   .    b - +0 robe
rPois   .          Reflect  +    (no helmet)
rElec   .          Harm     .    (no cloak)
rCorr   .          Rampage  .    (no gloves)
Will    .....                    (no boots)
Stlth   ++++......               i - amulet of reflection
HPRegen 0.08/turn                (no ring)
MPRegen 0.10/turn                (no ring)

@: no status effects
A: small, no large weapons, nightstalker 3
a: no special abilities


You were on level 3 of the Dungeon.
You visited 1 branch of the dungeon, and saw 3 of its levels.

You collected 86 gold pieces.

Inventory:

Hand Weapons
 a - a +1 dagger (weapon)
Armour
 b - a +0 robe (worn)
Jewellery
 f - an amulet of faith
 i - an amulet of reflection (around neck)
 l - a ring of wizardry
Wands
 n - a wand of flame (27)
Scrolls
 d - 2 scrolls of magic mapping {unknown}
 e - 2 scrolls of identify {unknown}
 k - a scroll of blinking {unknown}
 m - a scroll of brand weapon {unknown}
 o - a scroll of torment {unknown}
 q - a scroll of fear {unknown}
Potions
 c - 2 potions of invisibility
 g - a potion of attraction {unknown}
 h - a potion of lignification {unknown}
 j - a potion of might {unknown}
 p - a potion of mutation {unknown}


   Skills:
 + Level 1.2 Fighting
 * Level 2.7 Short Blades
 + Level 2.9 Dodging
 + Level 4.4 Stealth
 + Level 2.5 Spellcasting
 + Level 3.2 Hexes


You had 8 spell levels left.
You didn't know any spells.
Your spell library contained the following spells:

 Spells                   Type           Power      Damage    Failure   Level
 Ensorcelled Hibernation  Hex/Ice        14%        N/A       16%         2
 Confusing Touch          Hex            12%        N/A       16%         3
 Tukima's Dance           Hex            12%        N/A       16%         3
 Dazzling Flash           Conj/Hex       14%        N/A       30%         3
 Freezing Cloud           Conj/Ice/Air   1%         6-21      99%         5
 Simulacrum               Ice/Necr       1%         N/A       100%        6
 Polar Vortex             Ice            1%         N/A       100%        9


Dungeon Overview and Level Annotations

Branches:
Dungeon (3/15)

Altars:
Uskayaw

Shops:
D:2 (

Annotations:
D:3 Sigmund


Innate Abilities, Weirdness & Mutations

You are small and have problems with some larger weapons.
You are completely attuned to the shadows.


Message History

You closely miss Sigmund.
Sigmund is severely wounded.
Sigmund gestures at you while chanting.
You are confused.
Sigmund completely misses you.
You bump into the rock wall.
Sigmund gestures at you while chanting. The puff of flame misses you.
You barely miss Sigmund.
Sigmund is severely wounded.
Sigmund closely misses you.
You hit Sigmund.
Sigmund is severely wounded.
Sigmund attacks as you move away! Sigmund hits you with a +0 scythe!
You feel less confused.
You see here 7 gold pieces.
Sigmund hits you with a +0 scythe!
* * * LOW HITPOINT WARNING * * *
You closely miss Sigmund.
Sigmund is severely wounded.
Sigmund closely misses you.
You closely miss Sigmund.
Sigmund is severely wounded.
You barely miss Sigmund.
Sigmund is severely wounded.
Sigmund says, "I'm your fate." Sigmund hits you with a +0 scythe.
* * * LOW HITPOINT WARNING * * *
You completely miss Sigmund.
Sigmund is severely wounded.
You barely miss Sigmund.
Sigmund is severely wounded.
Sigmund gestures wildly while chanting.
Sigmund flickers and vanishes!
Deactivating autopickup; reactivate with Ctrl-A.
You miss something.
You hear some strange, mumbled words.
A magic dart appears from out of thin air!
The magic dart hits you!
You die...

#.##.# #.# #.##.# #.#
#.##.# .# #.# #.##.#####
#.# #.# .........#
#.####.#####
....)....######.##........
............>...##.#.<....
.>.......###...{.#.#######
.....#.......#.#@#.#
..#....##.....$..#
.....###.#.#.### #.....#
...### ##


There were no monsters in sight!

Vanquished Creatures
  2 adders (D:2)
  A dart slug (D:3)
  2 orcs (D:3)
  4 bats
  4 endoplasms
  2 goblins
  A hobgoblin (D:1)
  2 quokkas (D:1)
  4 ball pythons
  2 frilled lizards
  4 kobolds
  A rat (D:1)
29 creatures vanquished.

Notes
Turn   | Place    | Note
-------+----------+-------------------------------------------
     0 | D:1      | Setbun the Kobold Enchanter began the quest for the Orb.
     0 | D:1      | Reached XP level 1. HP: 10/10 MP: 3/3
   613 | D:1      | Reached XP level 2. HP: 16/16 MP: 5/5
  1399 | D:2      | Reached XP level 3. HP: 15/20 MP: 6/6
  1658 | D:2      | Found a hide-covered altar of Uskayaw.
  1700 | D:2      | Found Wocsoj's Weapon Boutique.
  1736 | D:2      | Reached skill level 1 in Fighting
  2170 | D:3      | Reached XP level 4. HP: 4/25 MP: 7/7
  2465 | D:3      | Noticed Sigmund
  2770 | D:3      | HP: 1/25 [Sigmund/+0 scythe (4)]
  2773 | D:3      | Killed from afar by Sigmund

Illustrated notes

Levels and vault maps discovered:
D:1:      minmay_arrival_wavy_path, layout_loops_corners
D:2:      layout_rooms, basic_altar, serial_shops, nicolae_shop_waterfront,
          nicolae_titane
D:3:      minmay_octagon_keep, layout_loops_ring,
          mainiacjoe_overflow_concentric_impassable,
          mainiacjoe_overflow_six_doors_small, basic_ecumenical_altar,
          minivault_26, uniq_sigmund, uniq_ijyb

Skill      XL: |  1  2  3 |
---------------+----------+-----
Short Blades   | 2 |  2.7
Fighting       | 1 |  1.2
Dodging        | |  2.9
Stealth        | |  4.4
Spellcasting   | |  2.5
Hexes          | |  3.2

Action                   |  1- 3 |  4- 6 || total
-------------------------+-------+-------++-------
Melee: Dagger            |   100 |    34 ||   134
 Stab: Sleeping          |    13 |       ||    13
Armor: Robe              |    10 |       ||    10
Dodge: Dodged            |    65 |    15 ||    80
Block: Other             |     3 |     1 ||     4

Table legend: (Time is in decaauts)
 A = Elapsed time spent in this place.
 B = Non-inter-level travel time spent in this place.
 C = Inter-level travel time spent in this place.
 D = Time resting spent in this place.
 E = Time spent auto-exploring this place.
 F = Levels seen in this place.
 G = Mean time per level.
                   A        B        C        D        E       F      G
               +--------+--------+--------+--------+--------+-----+--------+
         Total |   2759 |   2673 |     86 |    423 |   1973 |   3 |  919.7 |
       Dungeon |   2759 |   2673 |     86 |    423 |   1973 |   3 |  919.7 |
               +--------+--------+--------+--------+--------+-----+--------+

Top non-repeatable levels by time:
     D:2: 1308 daAuts
     D:1: 1305 daAuts
     D:3: 145 daAuts
